 Dungeon Crawl Stone Soup version 0.31.0-11-ge490571c62 (webtiles) character file.

Game seed: 11854946857698342524

14166 SnakkuSnakku7 the Brawler (level 12, -14/101 HPs)
             Began as a Ghoul Summoner on Jan 26, 2024.
             Was an Elder of Uskayaw.
             Demolished by a two-headed ogre
             ... wielding a +0 giant club of flaming
              (22 damage)
             ... in a volcano.
             The game lasted 00:12:29 (8943 turns).

SnakkuSnakku7 the Brawler (Ghoul Summoner)          Turns: 8943, Time: 00:12:30

Health: -14/101    AC: 19    Str: 17    XL:     12   Next: 13%
Magic:  14/14      EV:  8    Int: 14    God:    Uskayaw [****..]
Gold:   965        SH: 10    Dex:  9    Spells: 13/14 levels left

rFire   + .          .
                       - Unarmed
rCold   + + +        L - +0 kite shield
rNeg    + + +        o - +2 scale mail {rF+}
rPois   ∞            s - +0 helmet
rElec   .            n - +2 cloak
rCorr   .            i - +2 pair of gloves
SInv    .            j - +2 pair of boots
Will    .....        (no amulet) Stlth
                     w - ring of protection from cold
HPRegen 0.00/turn    E - ring of protection from cold
MPRegen 0.14/turn

%: no passive effects
@: mighty, inhibited regen
A: claws 1, cold resistance 1, negative energy resistance 3, inhibited
regeneration, torment resistance 2, devour on kill
a: Renounce Religion, Stomp, Line Pass


You were in a volcano.
You worshipped Uskayaw.
Uskayaw was noncommittal.
You visited 3 branches of the dungeon, and saw 13 of its levels.
You also visited: Volcano.

You collected 1109 gold pieces.
You spent 144 gold pieces at shops.

Inventory:

Armour
 i - a +2 pair of gloves (worn)
 j - a +2 pair of boots (worn)
 n - a +2 cloak (worn)
 o - a +2 scale mail of fire resistance (worn)
 s - a +0 helmet (worn)
 L - a +0 kite shield (worn)
Jewellery
 w - a ring of protection from cold (left hand)
 D - a ring of resist corrosion
 E - a ring of protection from cold (right hand)
Wands
 B - a wand of roots (15)
 H - a wand of paralysis (18)
 I - a wand of polymorph (15)
 K - a wand of mindburst (10)
Scrolls
 c - 5 scrolls of teleportation
 f - 2 scrolls of amnesia {unknown}
 g - 3 scrolls of blinking
 m - a scroll of vulnerability {unknown}
 p - a scroll of brand weapon {unknown}
 t - a scroll of silence {unknown}
 u - a scroll of fog {unknown}
 v - 3 scrolls of immolation
 y - a scroll of enchant armour
 z - a scroll of poison {unknown}
 A - a scroll of torment
 F - a scroll of fear
 J - a scroll of noise {unknown}
Potions
 a - 2 potions of might
 b - a potion of magic
 d - 2 potions of enlightenment {unknown}
 e - 2 potions of brilliance
 h - 5 potions of heal wounds {unknown}
 k - 3 potions of berserk rage
 l - 2 potions of ambrosia
 q - a potion of haste {unknown}
 r - 3 potions of curing
 C - 2 potions of cancellation
 M - a potion of lignification {unknown}


   Skills:
 - Level 8.0 Fighting
 + Level 2.6 Armour
 - Level 1.7 Dodging
 - Level 2.1 Stealth
 - Level 10.0 Shields
 - Level 15.0 Unarmed Combat
 - Level 1.7 Spellcasting
 - Level 3.6 Summonings


You had 13 spell levels left.
You knew the following spells:

 Your Spells              Type           Power      Damage    Failure   Level
a - Summon Small Mammal   Summ           44%        N/A       36%         1

Your spell library contained the following spells:

 Spells                   Type           Power      Damage    Failure   Level
 Call Imp                 Summ           22%        N/A       52%         2
 Call Canine Familiar     Summ           11%        N/A       75%         3
 Freeze                   Ice            4%         1d3       86%         1
 Sandblast                Erth           2%         2d4       86%         1
 Cigotuvi's Dreadful Rot  Necr/Alch/Air  2%         N/A       95%         2
 Lesser Beckoning         Tloc           2%         N/A       95%         2
 Static Discharge         Conj/Air       2%         3-4/arc   95%         2
 Frozen Ramparts          Ice            2%         1d1       99%         3
 Gell's Gravitas          Tloc           1%         N/A       99%         3
 Hailstorm                Conj/Ice       1%         3d5       99%         3
 Passwall                 Erth           1%         N/A       99%         3
 Stone Arrow              Conj/Erth      2%         3d7       99%         3
 Teleport Other           Tloc           1%         N/A       99%         3
 Tukima's Dance           Hex            1%         N/A       99%         3
 Airstrike                Air            0%         2d(1-17)  100%        4
 Brom's Barrelling Bould  Conj/Erth      1%         2d3       100%        4
 Ignite Poison            Fire/Alch      1%         N/A       100%        4
 Olgreb's Toxic Radiance  Alch           1%         N/A       100%        4
 Passage of Golubria      Tloc           1%         N/A       100%        4
 Summon Blazeheart Golem  Fire/Summ      6%         N/A       100%        4
 Summon Lightning Spire   Summ/Air       6%         N/A       100%        4
 Freezing Cloud           Conj/Ice/Air   0%         6-21      100%        5
 Silence                  Hex/Air        0%         N/A       100%        5
 Yara's Violent Unravell  Hex/Alch       0%         3d3       100%        5
 Ozocubu's Refrigeration  Ice            0%         4d7       100%        7
 Summon Hydra             Summ           5%         N/A       100%        7
 Discord                  Hex            0%         N/A       100%        8
 Lehudib's Crystal Spear  Conj/Erth      0%         10d2      100%        8
 Sublimation of Blood     Necr           Unusable   N/A       N/A         2

Dungeon Overview and Level Annotations

Branches:
Dungeon (10/15)            Temple (1/1) D:5            Lair (2/5) D:9
Volcano (1/1)
  Swamp: Lair:2-3    Shoals: Lair:2-3     Snake: Lair:2-3    Spider: Lair:2-3
    Orc: D:9-12

Altars:
Ashenzari
Cheibriados
Dithmenos
Fedhas
Gozag
Hepliaklqana
Kikubaaqudgha
Makhleb
Nemelex Xobeh
Okawaru
Qazlal
Ru
Sif Muna
Trog
Uskayaw
Vehumet
Wu Jian
Xom
Yredelemnul

Shops:
D:7 (:(*   D:10 =[*

Annotations:
D:8 1 runed translucent door


Innate Abilities, Weirdness & Mutations

You are immune to poison.
You have sharp fingernails.
Your flesh is cold resistant. (rC+)
You are immune to negative energy. (rN+++)
You do not regenerate when monsters are visible.
You are immune to unholy pain and torment.
You thrive by killing the living.


Message History

The two-headed ogre is lightly wounded.
The two-headed ogre hits you with a +0 giant club of flaming!
The two-headed ogre burns you. You block the two-headed ogre's attack.
You hit the two-headed ogre.
The two-headed ogre is lightly wounded.
You barely miss the two-headed ogre.
The two-headed ogre is lightly wounded.
The two-headed ogre hits you but does no damage.
You block the two-headed ogre's attack.
You punch the two-headed ogre!
The two-headed ogre is moderately wounded.
You hit the two-headed ogre but do no damage.
The two-headed ogre is moderately wounded.
The two-headed ogre hits you with a +0 giant club of flaming.
The two-headed ogre hits you with a +0 giant club of flaming!!
* * * LOW HITPOINT WARNING * * *
The two-headed ogre burns you.
* * * LOW HITPOINT WARNING * * *
Okay, then.
Read: 2 scrolls of fear
Press: ? - help, Dir - look around, f - activate Look: a two-headed ogre, wielding two +0 giant clubs of flaming (moderately wounded, chance to affect: 90%)
Okay, then.
Unknown command.
As you read the scroll of fear, it crumbles to dust.
You assume a fearsome visage.
The two-headed ogre looks frightened!
There is a rock-blocked tunnel here.
Okay, then.
It was a potion of might.
You feel very mighty all of a sudden.
Okay, then.
The two-headed ogre seems to regain its courage.
You can no longer merge with and destroy a victim.
You closely miss the two-headed ogre.
The two-headed ogre is moderately wounded.
The two-headed ogre hits you but does no damage. x2
You punch the two-headed ogre!
The two-headed ogre is moderately wounded.
The two-headed ogre hits you with a +0 giant club of flaming!!
You die...

#O~≈≈≈≈≈≈ §.
##.~~≈≈≈≈≈
≈..####O..~~≈≈≈≈
≈........~.~≈≈≈≈
≈........~~≈≈≈≈≈
≈######O#~≈≈≈≈≈≈
##.h'##≈≈≈≈≈≈≈
#)#### ≈≈≈≈≈≈≈
##O@# ≈≈≈≈≈≈≈
#### ≈≈≈≈≈≈≈
≈≈≈≈≈≈≈ ≈≈≈≈≈≈≈


You could see a two-headed ogre.

Vanquished Creatures
  Josephine (D:10)
  3 two-headed ogres
  Maurice (D:9)
  2 cane toads (Lair:1)
  A freezing wraith (Lair:1)
  A komodo dragon (Lair:1)
  A rime drake (D:9)
  An unseen horror (D:10)
  3 polar bears (Lair:1)
  A hornet (D:8)
  Prince Ribbit (D:7)
  Sigmund (D:2)
  2 shadows (D:10)
  5 yaks (Lair:1)
  6 wraiths (D:10)
  A vampire (D:10)
  A fire bat (Volcano)
  Grum (D:8)
  Edmund (D:5)
  2 redbacks (D:8)
  An acid dragon (D:10)
  A hell hound (Volcano)
  4 water moccasins
  3 ice beasts (D:9)
  A sky beast (D:7)
  3 black bears
  3 orc warriors
  2 centaurs
  2 ogres (D:6)
  10 wolves
  A phantom (D:5)
  2 kobold brigands (D:5)
  Blork the orc (D:6)
  7 scorpions
  6 bullfrogs
  5 wights (D:7)
  23 killer bees
  An electric eel (Lair:1)
  A bombardier beetle (D:6)
  A jelly (D:8)
  3 orc priests
  9 hounds
  A sleepcap (D:4)
  Jessica (D:2)
  An iguana (D:6)
  4 orc wizards
  Robin (D:2)
  10 adders
  2 white imps (Lair:1)
  6 ufetubi
  3 dart slugs
  17 orcs
  7 ball pythons
  A bat (D:1)
  3 endoplasms
  4 giant cockroaches
  6 hobgoblins
  6 jackals
  29 kobolds
  2 quokkas
  18 goblins
  4 rats
252 creatures vanquished.

Notes
Turn   | Place    | Note
-------+----------+-------------------------------------------
     0 | D:1      | SnakkuSnakku7 the Ghoul Summoner began the quest for the
                  | Orb.
     0 | D:1      | Reached XP level 1. HP: 14/14 MP: 3/3
   238 | D:1      | Reached skill level 1 in Fighting
   238 | D:1      | Reached skill level 1 in Unarmed Combat
   238 | D:1      | Reached XP level 2. HP: 19/23 MP: 4/4
   672 | D:2      | Reached XP level 3. HP: 24/29 MP: 5/5
   688 | D:2      | Noticed Robin
   693 | D:2      | Reached skill level 2 in Unarmed Combat
   949 | D:2      | Found a basalt altar of Yredelemnul.
  1010 | D:2      | Noticed Sigmund
  1100 | D:2      | Killed Sigmund
  1101 | D:2      | Reached skill level 4 in Unarmed Combat
  1101 | D:2      | Reached XP level 4. HP: 22/40 MP: 6/6
  1101 | D:2      | Reached XP level 5. HP: 26/46 MP: 7/7
  1224 | D:2      | Noticed Jessica
  1233 | D:2      | Killed Jessica
  1234 | D:2      | Reached XP level 6. HP: 41/53 MP: 8/8
  1420 | D:2      | Killed Robin
  1623 | D:3      | Found a hazy altar of Hepliaklqana.
  1632 | D:3      | Found a sparkling altar of Nemelex Xobeh.
  1632 | D:3      | Found a basalt altar of Yredelemnul.
  1632 | D:3      | Found a shadowy altar of Dithmenos.
  1634 | D:3      | Found a sacrificial altar of Ru.
  1635 | D:3      | Found an ancient bone altar of Kikubaaqudgha.
  1821 | D:3      | Found a faded altar of an unknown god.
  2416 | D:4      | Reached skill level 5 in Fighting
  2416 | D:4      | Reached skill level 5 in Unarmed Combat
  2437 | D:4      | Reached XP level 7. HP: 40/61 MP: 9/9
  2474 | D:4      | Identified the +3 ring mail "Opach" {Int+3}
  2477 | D:4      | Found an opulent altar of Gozag.
  2734 | D:5      | Entered Level 5 of the Dungeon
  2763 | D:5      | Noticed Edmund
  2787 | D:5      | Killed Edmund
  2983 | D:5      | Found a staircase to the Ecumenical Temple.
  2998 | D:5      | Reached skill level 6 in Unarmed Combat
  3007 | Temple   | Entered the Ecumenical Temple
  3029 | Temple   | Became a worshipper of Uskayaw the Reveller
  3079 | D:5      | Reached * piety under Uskayaw
  3084 | D:5      | Reached ** piety under Uskayaw
  3120 | D:5      | Identified the +3 scale mail of Tartarus {Int+9 Dex+4
                  | Slay-4}
  3334 | D:5      | Reached *** piety under Uskayaw
  3340 | D:5      | Reached XP level 8. HP: 66/71 MP: 10/10
  3342 | D:5      | Reached **** piety under Uskayaw
  3456 | D:5      | Reached ***** piety under Uskayaw
  3685 | D:5      | Reached skill level 7 in Unarmed Combat
  4166 | D:6      | Noticed Blork the orc
  4179 | D:6      | Reached skill level 8 in Unarmed Combat
  4190 | D:6      | Killed Blork the orc
  4320 | D:6      | Reached skill level 9 in Unarmed Combat
  4320 | D:6      | Reached XP level 9. HP: 81/81 MP: 11/11
  4449 | D:6      | Found a blossoming altar of Fedhas.
  4583 | D:7      | Noticed Prince Ribbit
  4596 | D:7      | Killed Prince Ribbit
  4597 | D:7      | Reached skill level 10 in Unarmed Combat
  4631 | D:7      | Found Ygened's Antique Weapon Emporium.
  4632 | D:7      | Found Rovo's Book Emporium.
  4659 | D:7      | Found Ygao's Assorted Antiques.
  4667 | D:7      | Bought 2 scrolls of identify for 96 gold pieces
  4667 | D:7      | Bought a scroll labelled PEX JEIHOINEW for 24 gold pieces
  4738 | D:7      | Found Jusig's Weapon Shop.
  4953 | D:7      | Reached skill level 11 in Unarmed Combat
  5411 | D:8      | Noticed a hornet
  5424 | D:8      | Killed a hornet
  5588 | D:8      | Found a runed translucent door.
  5592 | D:8      | Found a runed translucent gate.
  5592 | D:8      | Found a runed translucent gate.
  5595 | D:8      | Found the +9 staff of Olgreb {rPois∞}
  5615 | D:8      | Found a runed translucent door.
  5644 | D:8      | Noticed Grum
  5645 | D:8      | Found a runed translucent gate.
  5918 | D:8      | Reached skill level 12 in Unarmed Combat
  5929 | D:8      | Reached XP level 10. HP: 82/88 MP: 12/12
  5933 | D:8      | Reached ****** piety under Uskayaw
  5942 | D:8      | Reached skill level 13 in Unarmed Combat
  5954 | D:8      | Killed Grum
  6300 | D:9      | Noticed a two-headed ogre
  6308 | D:9      | Killed a two-headed ogre
  6309 | D:9      | Reached skill level 14 in Unarmed Combat
  6377 | D:9      | Reached skill level 15 in Unarmed Combat
  6380 | D:9      | Reached skill level 1 in Shields
  6433 | D:9      | Found a staircase to the Lair.
  6466 | D:9      | Noticed Maurice
  6488 | D:9      | Killed Maurice
  6545 | D:9      | Noticed a two-headed ogre
  6552 | D:9      | Killed a two-headed ogre
  6553 | D:9      | Reached XP level 11. HP: 56/94 MP: 13/13
  6779 | D:9      | Reached skill level 5 in Shields
  6839 | D:10     | Entered Level 10 of the Dungeon
  6949 | D:10     | Noticed Josephine
  6959 | D:10     | Killed Josephine
  7195 | D:10     | Found Wodopiw's Armour Boutique.
  7312 | D:10     | Found Conk's Assorted Antiques.
  7316 | D:10     | Bought a fuming pink potion for 24 gold pieces
  7368 | D:10     | Found Jeuturei's Jewellery Shop.
  7565 | Lair:1   | Entered Level 1 of the Lair of Beasts
  8605 | Lair:1   | Reached XP level 12. HP: 35/101 MP: 14/14
  8856 | Lair:2   | Identified a scroll of acquirement
  8857 | Lair:2   | Acquired 583 gold pieces
  8887 | Lair:2   | Found a dark tunnel.
  8892 | Volcano  | Entered a volcano
  8905 | Volcano  | Noticed a two-headed ogre
  8905 | Volcano  | Noticed a two-headed ogre
  8918 | Volcano  | Reached skill level 10 in Shields
  8921 | Volcano  | Reached skill level 1 in Armour
  8928 | Volcano  | Killed a two-headed ogre
  8943 | Volcano  | Demolished by a two-headed ogre

Illustrated notes

Levels and vault maps discovered:
D:1:      eino_arrival_tree_alley, layout_basic
D:2:      layout_loops_ring, basic_altar, item_on_display_a, uniq_robin,
          uniq_sigmund, uniq_jessica
D:3:      layout_basic, grunt_temple_overflow_open,
          shapermc_ecumenical_altar_totnotflames
D:4:      nicolae_cairo_tiling_large_dashed, layout_rooms,
          nicolae_gozag_seed_capital
D:5:      kennysheep_kobold_camp, layout_basic, minmay_temple_entry_sparse_star,
          minmay_misc_feat_chi, nicolae_figureground_sparkle, uniq_edmund
D:6:      layout_cave_pools, marbit_many_paths, serial_park,
          serial_park_avenue1, serial_park_tiny_2, serial_park_tiny_pond,
          uniq_blork_the_orc
D:7:      layout_gridville, serial_shops, nicolae_shop_real_fake_doors, shop,
          shop, nicolae_shop_tiny_glass, skrybe_limestone_x, uniq_prince_ribbit1
D:8:      layout_gridville, minmay_guarded_unrand_staff_of_olgreb, uniq_grum
D:9:      layout_gridville, hellmonk_lair_entry_icy, uniq_maurice
D:10:     layout_basic, serial_shops, shop, shop, shop, uniq_josephine
Temple:   minmay_temple_bridge_abc
Lair:1:   layout_small_grid, gammafunk_lair_bear_cave, lemuel_fruit_fields
Lair:2:   dreamdust_cave_troll, layout_chaotic_city, gammafunk_ghost_arena,
          enter_volcano_4, ice2_lemuel, uniq_harold
Volcano:  volcano_village

Skill      XL: |  1  2  3  4  5  6  7  8  9 10 11 12 |
---------------+-------------------------------------+-----
Fighting       | 1 4 5 6 8 |  8.0
Unarmed Combat | 1 4 5 6 9 12 15 | 15.0
Shields        | 4 9 10 | 10.0
Armour         | 2 |  2.6
Dodging        | |  1.7
Stealth        | |  2.1
Spellcasting   | |  1.7
Summonings     | |  3.6

Action                     |  1- 3 |  4- 6 |  7- 9 | 10-12 || total
---------------------------+-------+-------+-------+-------++-------
  Melee: Unarmed           |   128 |   128 |   299 |   403 ||   958
         Punch             |       |     7 |    10 |    21 ||    38
   Cast: Summon Small Mamm |       |       |     1 |     1 ||     2
    Use: Scroll            |       |     4 |     8 |     7 ||    19
         Potion            |       |       |       |     1 ||     1
   Stab: Paralysed         |       |       |    15 |    19 ||    34
 Armour: Scale mail        |    93 |   134 |   226 |   445 ||   898
         Robe              |     1 |       |       |       ||     1
  Dodge: Dodged            |    56 |    88 |   145 |   226 ||   515
  Block: Kite shield       |       |       |       |    46 ||    46
